[Event "Team 45 45 League T34"]
[Site "Internet Chess Club"]
[Date "2007.08.10"]
[Round "4"]
[White "chsrules88"]
[Black "Iapep"]
[Result "0-1"]
[WhiteElo "2041"]
[BlackElo "1777"]
[Opening "French: advance, Milner-Barry gambit"]
[ECO "C02"]
[Time "14:21:24"]
[TimeControl "2700+45"]

1. e4 e6 2. d4 d5 3. e5 c5 4. c3 Qb6 5. Nf3 Nc6 6. Bd3 cxd4 7. cxd4 Bd7 8. Bc2
Nb4 9. Nc3 Nxc2+ 10. Qxc2 Rc8 11. O-O Ne7 12. Rd1 Nc6 13. a3 Na5 14. Be3 Be7 15.
h4 Nc4 16. h5 Qxb2 17. Qxb2 Nxb2 18. Rdb1 Nc4 19. Bc1 b6 20. Nb5 Bxb5 21. Rxb5
f6 22. exf6 gxf6 23. a4 Kd7 24. Bh6 Rhg8 25. g3 Bd6 26. Rd1 Na5 27. Bd2 Nc4 28.
Bh6 Na3 29. Rb3 Rc4 30. a5 bxa5 31. Ra1 a4 32. Rbxa3 Bxa3 33. Rxa3 Rb8 34. Be3
Rb3 35. Ra1 Rcb4 36. Nd2 Rd3 37. Kf1 Kc6 38. Rc1+ Kb6 39. Ke2 Ra3 40. Rc8 Ka6
41. h6 Ra1 42. Rc3 Ra2 43. Kd3 e5 44. Rc6+ Rb6 45. Rc7 Rb7 46. Rc5 Rb5 47. Rc1
e4+ 48. Ke2 a3 49. f3 f5 50. fxe4 fxe4 51. g4 Rab2 52. Ra1 a2 53. g5 Rb6 54. Kf2
Ka5 55. Kg3 Ka4 56. Kf4 Ka3 57. Ke5 R2b5 58. Rg1 Rg6 59. Rd1 Kb2 60. Nf1 a1=Q
61. Rxa1 Kxa1 62. Ng3 a5 63. Nf5 a4 64. Ne7 Ra6 65. g6 Rb7 66. Bg5 Rxe7+ 67.
Bxe7 Rxg6 68. Kxd5 e3 69. Bb4 Kb2 70. Kc4 a3 71. Kd3 a2 72. d5 a1=Q 73. Bc3+ Kb1
74. Bxa1 Kxa1 75. Kxe3 Rxh6 76. Ke4 Kb2 77. Ke5 Kc3 78. d6 Rh1 79. Kf6 Rd1 80.
Ke7 h5 81. d7 h4 82. d8=Q Rxd8 83. Kxd8 h3 84. Kd7 h2 85. Ke6 h1=Q 86. Kf5 Kd4
87. Ke6 Qh5 88. Kf6 Ke4 89. Kg7 Qf5 90. Kh8 Qd7 91. Kg8 Kf5 92. Kf8 Kf6 93. Kg8
Qg7# {White checkmated} 0-1

[Event "Team 45 45 League T34"]
[Site "Internet Chess Club"]
[Date "2007.08.12"]
[Round "4"]
[White "sean98"]
[Black "Budzo"]
[Result "1/2-1/2"]
[WhiteElo "1587"]
[BlackElo "1775"]
[Opening "French: Winawer, advance, positional main line"]
[ECO "C19"]
[Time "15:01:31"]
[TimeControl "2700+45"]

1. e4 e6 2. d4 d5 3. Nc3 Bb4 4. e5 c5 5. a3 Bxc3+ 6. bxc3 Ne7 7. Nf3 Nbc6 8. Rb1
Qa5 9. Qd2 cxd4 10. cxd4 Qxd2+ 11. Bxd2 O-O 12. Be2 b6 13. O-O Bb7 14. Bc3 Rac8
15. Bb2 Na5 16. c3 Nc4 17. Bxc4 Rxc4 18. Nh4 Ba6 19. f4 Rc7 20. Rf2 Rfc8 21. Rf3
Nc6 22. Bc1 Nxd4 23. cxd4 Rxc1+ 24. Rxc1 Rxc1+ 25. Kf2 Rf1+ 26. Ke3 Rxf3+ 27.
Nxf3 Bc4 28. Ne1 b5 29. Nc2 a5 30. Kd2 f6 31. Ne3 b4 32. axb4 axb4 33. Kc2 fxe5
34. fxe5 Kf7 35. Nd1 Kg6 36. Kd2 Kf5 37. Ke3 Kg4 38. Nb2 Kf5 39. Nd1 Bf1 40. g3
Bg2 41. Nf2 Be4 42. Kd2 b3 43. Kc1 Bc2 44. h4 Kg6 45. Ng4 Kf5 46. Nf2 Kg6 47.
Ng4 h5 48. Ne3 Kf7 49. Nxc2 bxc2 50. Kxc2 Kg6 51. Kd3 Kf5 52. Ke3 {Game drawn by
mutual agreement} 1/2-1/2

[Event "Team 45 45 League T34"]
[Site "Internet Chess Club"]
[Date "2007.08.18"]
[Round "4"]
[White "jks2000"]
[Black "kingphisch"]
[Result "1-0"]
[WhiteElo "1672"]
[BlackElo "1573"]
[Opening "English: ultra-symmetrical variation"]
[ECO "A36"]
[Time "12:02:10"]
[TimeControl "2700+45"]

1. c4 c5 2. g3 g6 3. Bg2 Nc6 4. Nc3 Bg7 5. a3 a5 6. Rb1 Rb8 7. d3 d6 8. Bd2 e5
9. b4 axb4 10. axb4 cxb4 11. Nd5 Nge7 12. Nxb4 Be6 13. Bg5 f6 14. Be3 Nd4 15.
Nf3 Nef5 16. Nxd4 Nxe3 17. Nxe6 Nxd1 18. Nxd8 Nxf2 19. Kxf2 Rxd8 20. Bxb7 O-O
21. Nd5 Rd7 22. Rb6 f5 23. Rhb1 e4 24. Rc6 exd3 25. exd3 Bd4+ 26. Kg2 Kg7 27.
Rc7 Rxc7 28. Nxc7 Kf6 29. Nb5 Be5 30. d4 Bxd4 31. Nxd4 Re8 32. Kf2 Re5 33. Rb6
Rc5 34. Bd5 Ke5 35. Nc6+ Kf6 36. Rb5 h5 37. Rxc5 dxc5 38. Kf3 g5 39. h3 Kg6 40.
Nd8 Kf6 41. Ne6 g4+ 42. hxg4 hxg4+ 43. Kf4 {Black resigns} 1-0

[Event "Team 45 45 League T34"]
[Site "Internet Chess Club"]
[Date "2007.08.10"]
[Round "4"]
[White "Lyko"]
[Black "Mutaant"]
[Result "0-1"]
[WhiteElo "1506"]
[BlackElo "1505"]
[Opening "Ruy Lopez (Spanish opening)"]
[ECO "C60"]
[Time "14:01:03"]
[TimeControl "2700+45"]

1. e4 e5 2. Nf3 Nc6 3. Bb5 Qf6 4. O-O Bc5 5. Qe2 Nge7 6. c3 O-O 7. Ba4 d6 8. Bc2
Bg4 9. h3 Bxf3 10. Qxf3 Qxf3 11. gxf3 f5 12. d3 f4 13. b4 Bb6 14. a4 a6 15. Ba3
Rf6 16. Kh2 Raf8 17. b5 axb5 18. axb5 Nd8 19. Nd2 Ne6 20. Bb3 Kh8 21. Bb2 Rh6
22. Bxe6 Rxe6 23. d4 exd4 24. cxd4 Rh6 25. Nc4 Rh5 26. Nxb6 cxb6 27. Ra7 Rxb5
28. Rxb7 Rxb2 29. Rxe7 h6 30. Kg1 Rf6 31. Rc1 Rb3 32. Rc8+ Kh7 33. Rcc7 Rg6+ 34.
Kf1 Rxf3 35. Ke2 Rxh3 36. e5 dxe5 37. dxe5 Rh5 38. Rb7 Rf5 39. Kf3 h5 40. e6 b5
41. Re8 Re5 42. Rb6 Rf6 43. e7 Rxb6 44. Kxf4 Rbe6 {White resigns} 0-1

[Event "Team 45 45 League T34"]
[Site "Internet Chess Club"]
[Date "2007.08.12"]
[Round "4"]
[White "Kasparklunk"]
[Black "EyeAm"]
[Result "1-0"]
[WhiteElo "1483"]
[BlackElo "1339"]
[Opening "Petrov: classical attack"]
[ECO "C42"]
[Time "19:00:16"]
[TimeControl "2700+45"]

1. e4 e5 2. Nf3 Nf6 3. Nxe5 d6 4. Nf3 Nxe4 5. d4 d5 6. Bd3 Be7 7. Nbd2 Nf6 8.
O-O O-O 9. h3 Nc6 10. Re1 Nb4 11. Bf1 Bf5 12. Bd3 Nxd3 13. cxd3 Bxd3 14. Qb3 Ba6
15. Nf1 Re8 16. Be3 b6 17. Rac1 Bc4 18. Qa4 a5 19. N1d2 Ba6 20. Ne5 Bc8 21. Qc6
Be6 22. Qxc7 Qxc7 23. Rxc7 Bd6 24. Rc6 {Black forfeits on time} 1-0

[Event "Team 45 45 League T34"]
[Site "Internet Chess Club"]
[Date "2007.08.12"]
[Round "4"]
[White "JeCrainsDegun"]
[Black "BartL"]
[Result "1-0"]
[WhiteElo "1668"]
[BlackElo "1706"]
[Opening "Sicilian: closed"]
[ECO "B23"]
[Time "13:54:15"]
[TimeControl "2700+45"]

1. e4 c5 2. Nc3 d6 3. g3 Nf6 4. Bg2 Nc6 5. d3 Bg4 6. f3 Bd7 7. Be3 g6 8. Qd2 Bg7
9. Bh6 O-O 10. h4 Bxh6 11. Qxh6 b5 12. Nh3 Bxh3 13. Rxh3 Nd4 14. O-O-O Kh8 15.
Rdh1 Ng8 16. Qe3 e6 17. g4 b4 18. Ne2 Nxe2+ 19. Qxe2 e5 20. g5 f6 21. Qd2 a5 22.
h5 Qe8 23. hxg6 Qxg6 24. f4 Ra7 25. Rh5 Rg7 26. f5 Qe8 27. g6 Qe7 28. Rxh7+ Rxh7
29. Rxh7+ Qxh7 30. gxh7 Kxh7 31. c3 Nh6 32. d4 Rg8 33. dxc5 dxc5 34. cxb4 cxb4
35. Bf3 Rc8+ 36. Kd1 Nf7 37. Qh2+ Kg7 38. Bh5 Ng5 39. Bg6 Rd8+ 40. Kc1 Rc8+ 41.
Kb1 Rh8 42. Qf2 Rh1+ 43. Kc2 Rh4 44. Qxh4 {Black resigns} 1-0

[Event "Team 45 45 League T34"]
[Site "Internet Chess Club"]
[Date "2007.08.09"]
[Round "4"]
[White "HKNIGHT"]
[Black "rooney95"]
[Result "1/2-1/2"]
[WhiteElo "1674"]
[BlackElo "1491"]
[Opening "Queen's pawn: stonewall attack"]
[ECO "D00"]
[Time "12:54:03"]
[TimeControl "2700+45"]

1. d4 d5 2. e3 Nf6 3. Bd3 e6 4. f4 c5 5. c3 cxd4 6. exd4 Bd6 7. Nf3 O-O 8. O-O
Nbd7 9. Ne5 Qb6 10. Kh1 Bc7 11. Nd2 h5 12. Qf3 Qd6 13. Qh3 Qe7 14. a4 g6 15. b3
Bd6 16. Bxg6 fxg6 17. Nxg6 Qf7 18. Nxf8 Bxf8 19. Nf3 Ng4 20. Ne5 Ndxe5 21. dxe5
Nxe5 22. Be3 Ng4 23. Qg3 Bg7 24. Bd4 Bd7 25. h3 Nh6 26. Qxg7+ Qxg7 27. Bxg7 Kxg7
28. Rf3 Rf8 29. Re1 Nf5 30. Re5 Kf6 31. Kh2 h4 32. Re1 Bc6 {Game drawn by mutual
agreement} 1/2-1/2

[Event "Team 45 45 League T34"]
[Site "Internet Chess Club"]
[Date "2007.08.11"]
[Round "4"]
[White "upknights"]
[Black "Queen"]
[Result "0-1"]
[WhiteElo "1432"]
[BlackElo "1805"]
[Opening "Queen's bishop game"]
[ECO "D00"]
[Time "12:55:00"]
[TimeControl "2700+45"]

1. d4 d5 2. Bf4 Nf6 3. Nf3 Bf5 4. e3 Nbd7 5. Be2 e6 6. O-O Ne4 7. Nbd2 g5 8.
Nxe4 gxf4 9. exf4 Bxe4 10. Ng5 Bg6 11. c4 c6 12. cxd5 cxd5 13. Bd3 Bh6 14. Bxg6
hxg6 15. Qd2 Nf6 16. Rfe1 Bxg5 17. fxg5 Ne4 18. Qe2 Ke7 19. Qb5 Nxg5 20. Qxb7+
Kf8 21. Qb4+ Kg7 22. Rac1 a5 23. Qb3 Qd6 24. Qg3 Qxg3 25. fxg3 Ne4 26. Rc7 Rab8
27. b3 Rhc8 28. Ra7 Ra8 29. Rxa8 Rxa8 30. Kf1 Rc8 31. Rd1 Rc2 32. a3 Nd2+ 33.
Ke2 Nxb3+ 34. Kf3 Ra2 {White resigns} 0-1

[Event "Team 45 45 League T34"]
[Site "Internet Chess Club"]
[Date "2007.08.11"]
[Round "4"]
[White "scottrugby"]
[Black "Chessadelic"]
[Result "1/2-1/2"]
[WhiteElo "1502"]
[BlackElo "1657"]
[Opening "Sicilian: Grand Prix attack"]
[ECO "B23"]
[Time "10:57:50"]
[TimeControl "2700+45"]

1. e4 c5 2. Nc3 Nc6 3. f4 g6 4. Nf3 Bg7 5. Bb5 Nd4 6. d3 Qa5 7. Bc4 Nxf3+ 8.
gxf3 e6 9. Bd2 Qd8 10. h4 Bf6 11. h5 Bh4+ 12. Ke2 d6 13. Bb5+ Bd7 14. Bxd7+ Kxd7
15. Qg1 Be7 16. hxg6 fxg6 17. Rh3 Nf6 18. e5 Nd5 19. Nxd5 exd5 20. Qg4+ Kc7 21.
f5 dxe5 22. fxg6 hxg6 23. Rah1 Rxh3 24. Rxh3 Qd6 25. Rh6 Rg8 26. Bg5 Bxg5 27.
Qxg5 Kc6 {Game drawn by mutual agreement} 1/2-1/2

[Event "Team 45 45 League T34"]
[Site "Internet Chess Club"]
[Date "2007.08.14"]
[Round "4"]
[White "lmadueno"]
[Black "vollmerj"]
[Result "1/2-1/2"]
[WhiteElo "1628"]
[BlackElo "1726"]
[Opening "Alekhine's defense: Maróczy variation"]
[ECO "B02"]
[Time "19:06:51"]
[TimeControl "2700+45"]

1. e4 Nf6 2. d3 d5 3. e5 Nfd7 4. f4 c5 5. Nf3 Nc6 6. Nc3 e6 7. Be2 d4 8. Ne4 Nb6
9. b3 Nd5 10. Bd2 b6 11. O-O Bb7 12. c4 dxc3 13. Nxc3 Nxc3 14. Bxc3 Nd4 15. Bxd4
cxd4 16. Ng5 Be7 17. Bf3 Bxf3 18. Nxf3 O-O 19. Qe1 Rc8 20. Rc1 Qd5 21. Qg3 Rc3
22. Nd2 Rfc8 23. Rxc3 Rxc3 24. Nc4 b5 25. Nd2 Rc2 26. Ne4 Qc6 27. h3 Rc1 28.
Rxc1 Qxc1+ 29. Kh2 Qb2 30. Nf6+ Kf8 31. Nxh7+ Kg8 32. Nf6+ Kf8 33. Qh4 Bxf6 34.
exf6 gxf6 35. Qxf6 Qc3 36. Qh8+ Ke7 37. Qh7 Qd2 38. Qe4 Qc3 39. h4 f5 40. Qb7+
Kf6 41. Qxb5 Qc7 42. Kg3 Qg7+ 43. Kh2 Qg4 44. Qe5+ Kf7 45. g3 Qd1 46. Qc7+ Kg6
47. Qc6 Qe2+ 48. Qg2 Qxd3 49. h5+ Kxh5 50. Qh3+ Kg6 51. Qg2 Qe3 52. Kh3 d3 53.
Qa8 d2 54. Qg8+ Kf6 55. Qf8+ Kg6 56. Qg8+ Kf6 57. Qf8+ Kg6 58. Qg8+ Kf6 59. Qf8+
{Game drawn by repetition} 1/2-1/2

[Event "Team 45 45 League T34"]
[Site "Internet Chess Club"]
[Date "2007.08.12"]
[Round "4"]
[White "GadsHill"]
[Black "AntonioMendonca"]
[Result "0-1"]
[WhiteElo "1629"]
[BlackElo "1653"]
[Opening "King's Indian: Petrosian system, Stein variation"]
[ECO "E92"]
[Time "18:02:40"]
[TimeControl "2700+45"]

1. d4 Nf6 2. c4 d6 3. Nf3 g6 4. Nc3 Bg7 5. e4 O-O 6. Be2 e5 7. d5 a5 8. Bg5 h6
9. Bh4 g5 10. Bg3 Nh5 11. h4 Nxg3 12. fxg3 g4 13. Nd2 h5 14. O-O Na6 15. Bd3 Bd7
16. Bc2 Nb4 17. a3 Nxc2 18. Qxc2 c6 19. b4 cxd5 20. Nxd5 Bc6 21. Rf5 Bxd5 22.
cxd5 axb4 23. Qb3 Bh6 24. Nc4 b5 25. Rxh5 bxc4 26. Qxb4 Be3+ 27. Kh2 c3 28. Qc4
Bd4 29. Qf1 f6 30. Qf5 Qe7 31. Qxg4+ Qg7 32. Qe6+ Rf7 33. Rf1 c2 34. Rhf5 Rxa3
35. Rxf6 Qxg3+ 36. Kh1 Qxh4+ 37. Qh3 Rxh3+ {White resigns} 0-1

[Event "Team 45 45 League T34"]
[Site "Internet Chess Club"]
[Date "2007.08.11"]
[Round "4"]
[White "stakastra"]
[Black "Cantemir"]
[Result "0-1"]
[WhiteElo "1538"]
[BlackElo "1465"]
[Opening "Petrov three knights game"]
[ECO "C26"]
[Time "07:03:24"]
[TimeControl "2700+45"]

1. e4 e5 2. Nc3 Nf6 3. Nf3 d6 4. h3 Be7 5. Bc4 O-O 6. O-O Be6 7. Bb3 c6 8. d4 d5
9. dxe5 Nxe4 10. Nxe4 dxe4 11. Nh2 Qc7 12. Bf4 Nd7 13. Qe2 Nxe5 14. Qxe4 Bf6 15.
Ng4 Bxg4 16. hxg4 g5 17. Bg3 Rfe8 18. Rae1 Re7 19. Qf5 Kg7 20. c3 Rae8 21. Bc2
Re6 22. Qxh7+ Kf8 23. Qh6+ Ke7 24. Bb3 Rh8 25. Qxh8 Bxh8 26. Bxe6 Kxe6 27. f4
gxf4 28. Bxf4 f6 29. g5 Qb6+ 30. Kh1 Qxb2 31. gxf6 Bxf6 32. Rf3 Kd5 33. Rfe3 Ng4
34. Rd1+ Kc5 35. Bd6+ Kb6 36. Rde1 Nxe3 37. Rxe3 {White resigns} 0-1

[Event "Team 45 45 League T34"]
[Site "Internet Chess Club"]
[Date "2007.08.11"]
[Round "4"]
[White "Russellovich"]
[Black "CheeryCherry"]
[Result "0-1"]
[WhiteElo "1583"]
[BlackElo "1603"]
[Opening "Sicilian: accelerated fianchetto, modern variation"]
[ECO "B34"]
[Time "09:40:43"]
[TimeControl "2700+45"]

1. e4 c5 2. Nf3 Nc6 3. d4 cxd4 4. Nxd4 g6 5. Nc3 Bg7 6. Be3 Nf6 7. f3 O-O 8. g4
Qa5 9. Nb3 Qc7 10. Qd2 d6 11. O-O-O Ne5 12. Be2 Be6 13. Nb5 Qb8 14. N5d4 Rc8 15.
Nxe6 fxe6 16. g5 Nfd7 17. h4 Nc4 18. Bxc4 Rxc4 19. h5 Ne5 20. hxg6 Nxg6 21. Nd4
Bxd4 22. Bxd4 Qf8 23. Qh2 Qf4+ 24. Kb1 Qxh2 25. Rxh2 Rf8 26. Rf2 a6 27. b3 Rcc8
28. Be3 Ne5 29. Rdf1 Rc3 30. Re2 Nxf3 31. Kb2 Rcc8 32. Rh1 Rf7 33. Rh6 e5 34.
Rf2 Rcf8 35. Rf1 Rg7 36. Rfh1 Rff7 37. Rf1 Nxg5 38. Rxf7 Nxf7 39. Rh5 Rg4 40.
Kc3 Rxe4 41. Kd3 Rg4 42. Rh6 Nxh6 43. Bxh6 Kf7 44. Ke3 {White resigns} 0-1

[Event "Team 45 45 League T34"]
[Site "Internet Chess Club"]
[Date "2007.08.10"]
[Round "4"]
[White "az2112"]
[Black "Creb"]
[Result "1-0"]
[WhiteElo "1743"]
[BlackElo "1779"]
[Opening "Queen's pawn"]
[ECO "A40"]
[Time "20:56:05"]
[TimeControl "2700+45"]

1. d4 e6 2. Nf3 f5 3. c4 Nf6 4. Nc3 Be7 5. Qc2 d6 6. e4 fxe4 7. Nxe4 Nxe4 8.
Qxe4 O-O 9. Bd3 g6 10. Bh6 Rf7 11. h4 d5 12. Qe3 Bb4+ 13. Ke2 Qf6 14. Ne5 Re7
15. c5 c6 16. Bg5 Qf8 17. Bxe7 Qxe7 18. Qg3 Nd7 19. Nxg6 hxg6 20. Qxg6+ Kf8 21.
Rh3 Qg7 22. Rf3+ Kg8 23. Qe8+ Nf8 24. Bh7+ Kxh7 25. Rf7 Qxf7 26. Qxf7+ Kh8 27.
Qxf8+ Kh7 28. h5 b5 29. h6 Kg6 30. Qg7+ Kf5 31. g4+ Ke4 32. Qe5# {Black
checkmated} 1-0

[Event "Team 45 45 League T34"]
[Site "Internet Chess Club"]
[Date "2007.08.12"]
[Round "4"]
[White "allanchs"]
[Black "Chess2Play"]
[Result "0-1"]
[WhiteElo "1526"]
[BlackElo "1660"]
[Opening "Sicilian: dragon, classical, 9.Nb3"]
[ECO "B74"]
[Time "10:59:26"]
[TimeControl "2700+45"]

1. e4 c5 2. Nf3 Nc6 3. d4 cxd4 4. Nxd4 g6 5. Be3 Bg7 6. Nc3 Nf6 7. Be2 O-O 8.
O-O d6 9. Nb3 Be6 10. f4 Na5 11. Nxa5 Qxa5 12. Bd4 Rfc8 13. Kh1 Bc4 14. e5 Bxe2
15. Qxe2 Nd7 16. e6 Bxd4 17. exd7 Rd8 18. Qxe7 Bxc3 19. bxc3 Qc7 20. Rfe1 Rxd7
21. Qf6 Rc8 22. Re3 Qd8 23. Qd4 Rdc7 24. Rae1 Rc4 25. Qxa7 Rxc3 26. Qxb7 Rxe3
27. Rxe3 Rxc2 28. Qb1 Qc8 29. Re1 Qc6 30. Rg1 Rf2 31. Qb4 Rxa2 32. Qb3 Rf2 33.
Qb4 Qc5 34. Qe1 Rxf4 35. Qe8+ Kg7 36. Re1 Qe5 37. Qxe5+ dxe5 38. g3 Rf5 39. Kg2
Kf6 40. g4 Rf4 41. Kg3 h5 42. g5+ Kf5 43. h4 f6 44. gxf6 Kxf6 45. Ra1 Rg4+ 46.
Kh3 Kf5 47. Ra2 e4 48. Rf2+ Ke5 49. Ra2 e3 {White resigns} 0-1

[Event "Team 45 45 League T34"]
[Site "Internet Chess Club"]
[Date "2007.08.08"]
[Round "4"]
[White "Toalla"]
[Black "fredd"]
[Result "0-1"]
[WhiteElo "1382"]
[BlackElo "1527"]
[Opening "Ruy Lopez: exchange variation, 5.O-O"]
[ECO "C68"]
[Time "23:00:23"]
[TimeControl "2700+45"]

1. e4 e5 2. Nf3 Nc6 3. Bb5 a6 4. Bxc6 dxc6 5. O-O Bd6 6. Re1 Nf6 7. c3 Bg4 8. d4
Bxf3 9. Qxf3 Qe7 10. Bg5 h6 11. Bxf6 Qxf6 12. Qxf6 gxf6 13. a3 O-O-O 14. Nd2
Rhe8 15. Re3 exd4 16. cxd4 Bf4 17. Re2 Rxd4 18. f3 Rxd2 19. Rxd2 Bxd2 20. b4 Rd8
21. Rd1 Be3+ {White resigns} 0-1

[Event "Team 45 45 League T34"]
[Site "Internet Chess Club"]
[Date "2007.08.11"]
[Round "4"]
[White "AtomicDog"]
[Black "walleye"]
[Result "1-0"]
[WhiteElo "1512"]
[BlackElo "1470"]
[Opening "Ruy Lopez: open, Italian variation"]
[ECO "C82"]
[Time "11:58:43"]
[TimeControl "2700+45"]

1. e4 e5 2. Nf3 Nc6 3. Bb5 a6 4. Ba4 Nf6 5. O-O Nxe4 6. d4 b5 7. Bb3 d5 8. dxe5
Be6 9. c3 Bc5 10. Nd4 Bxd4 11. cxd4 h6 12. Be3 O-O 13. Nd2 Nxd2 14. Qxd2 Qh4 15.
Rac1 Ne7 16. Rxc7 Nf5 17. Rfc1 Nxe3 18. Qxe3 Rfc8 19. Rxc8+ Rxc8 20. Rxc8+ Bxc8
21. Bxd5 Qg4 22. Bf3 Qg6 23. Be4 Qe6 24. b3 Qe7 25. Qc3 Qe8 26. f4 Qd8 27. Qc5
Bd7 28. Qd5 Qa5 29. Qa8+ {Black resigns} 1-0

[Event "Team 45 45 League T34"]
[Site "Internet Chess Club"]
[Date "2007.08.14"]
[Round "4"]
[White "searchforbobby1"]
[Black "chsrules88"]
[Result "1/2-1/2"]
[WhiteElo "2082"]
[BlackElo "2043"]
[Opening "Center game: Paulsen attack"]
[ECO "C22"]
[Time "19:39:01"]
[TimeControl "2700+45"]

1. e4 e5 2. d4 exd4 3. Qxd4 Nc6 4. Qe3 d6 5. Nc3 Nf6 6. Bd2 g6 7. O-O-O Bg7 8.
h4 Be6 9. Kb1 O-O 10. Qg3 Re8 {Game drawn by mutual agreement} 1/2-1/2

[Event "Team 45 45 League T34"]
[Site "Internet Chess Club"]
[Date "2007.08.13"]
[Round "4"]
[White "aksuw"]
[Black "Burning-Bush"]
[Result "0-1"]
[WhiteElo "1983"]
[BlackElo "2124"]
[Opening "Sicilian: Kan, 5.Bd3"]
[ECO "B42"]
[Time "23:04:17"]
[TimeControl "2700+45"]

1. e4 c5 2. Nf3 a6 3. d4 cxd4 4. Nxd4 e6 5. Bd3 Qc7 6. Nc3 Nf6 7. O-O Nc6 8. Be3
Ne5 9. f3 b5 10. Qe2 Bc5 11. Qf2 Qb6 12. Rae1 O-O 13. Kh1 Neg4 14. fxg4 Nxg4 15.
Qh4 Nxe3 16. Rxe3 Bxd4 17. e5 h6 18. Rg3 Bxe5 19. Qxh6 f5 20. Rg6 Bb7 21. Ne2
Qc7 22. Nf4 Kf7 23. Qh5 Bxf4 24. Rxf4 Rh8 25. Qg5 Qe5 26. h4 Kg8 27. h5 Rxh5+
28. Qxh5 Qxf4 29. Rg5 Rf8 30. Qg6 Qc1+ 31. Kh2 Qxb2 32. Rh5 Qe5+ 33. Kh3 Rf6 34.
Qe8+ Rf8 35. Qg6 Qf6 36. Qh7+ Kf7 37. Bxf5 Qc3+ 38. Bd3 Ke7 39. Rg5 Rf7 40. Rg3
Qd4 41. Bg6 Rf1 42. Kh2 Qg1+ 43. Kh3 Bxg2+ 44. Kg4 Qd4+ 45. Kh5 Rh1+ {White
resigns} 0-1

[Event "Team 45 45 League T34"]
[Site "Internet Chess Club"]
[Date "2007.08.12"]
[Round "4"]
[White "rubo"]
[Black "PublisherKing"]
[Result "0-1"]
[WhiteElo "1741"]
[BlackElo "1914"]
[Opening "Bird's opening"]
[ECO "A02"]
[Time "14:02:40"]
[TimeControl "2700+45"]

1. f4 c6 2. b3 d6 3. Bb2 Qc7 4. Nf3 Nd7 5. e3 e5 6. fxe5 dxe5 7. Nc3 Ngf6 8. Bd3
Nc5 9. Ng5 Nxd3+ 10. cxd3 Be7 11. O-O O-O 12. Qc2 h6 13. Nge4 Be6 14. Nxf6+ Bxf6
15. Ne4 Be7 16. d4 exd4 17. Bxd4 b6 18. Rac1 Rac8 19. Bb2 Qd7 20. Qc3 f6 21. Rf2
Bf5 22. Ng3 Bd3 23. Nh5 c5 24. Nf4 Ba6 25. Ng6 Rfe8 26. Nxe7+ Qxe7 27. Rf3 Rcd8
28. d4 cxd4 29. exd4 Rc8 30. Qd2 Rxc1+ 31. Qxc1 Qe1+ 32. Rf1 Bxf1 33. Qxe1 Rxe1
34. Bc3 Rb1 35. Kf2 Bd3 36. Ke3 Rd1 37. Bd2 Bb1 38. a3 Ba2 39. b4 Bd5 40. g3 Ra1
41. h4 Rxa3+ 42. Kf4 Rd3 43. Be3 a5 44. bxa5 bxa5 45. g4 a4 46. g5 fxg5+ 47.
hxg5 hxg5+ 48. Ke5 Rxe3+ 49. Kxd5 a3 50. Kc6 a2 51. d5 a1=Q 52. d6 Rc3+ 53. Kd7
Qa7+ {White resigns} 0-1

[Event "Team 45 45 League T34"]
[Site "Internet Chess Club"]
[Date "2007.08.14"]
[Round "4"]
[White "Queen"]
[Black "Shadowknife7"]
[Result "0-1"]
[WhiteElo "1742"]
[BlackElo "1899"]
[Opening "Robatsch defense: Pseudo-Austrian attack"]
[ECO "B06"]
[Time "12:10:55"]
[TimeControl "2700+45"]

1. e4 g6 2. d4 Bg7 3. Nc3 d6 4. f4 c6 5. Nf3 e6 6. Be2 Ne7 7. O-O O-O 8. Be3 d5
9. e5 Nf5 10. Qd2 Nxe3 11. Qxe3 b6 12. Nd1 Ba6 13. Bxa6 Nxa6 14. c3 Rc8 15. Qd3
Nc7 16. a4 c5 17. a5 c4 18. Qd2 b5 19. Ne3 a6 20. Qf2 Rb8 21. Nc2 h6 22. Nb4 Qd7
23. h3 Kh7 24. Nh2 f5 25. Nf3 Rg8 26. Qg3 Bf8 27. Nc2 Be7 28. Ne3 b4 29. Rf2
bxc3 30. bxc3 Rb3 31. Rc2 Nb5 32. Nd1 Na3 33. Rb2 Qb5 34. Raa2 Rb8 35. Nd2 Rxb2
36. Rxb2 Qe8 37. Rxb8 Qxb8 38. h4 Qb5 39. h5 gxh5 40. Qf3 Qe8 41. Ne3 Nb5 42.
Nxd5 exd5 43. Qxd5 Bh4 44. Qxc4 Be1 45. Nb1 Qg8 46. Qc6 h4 47. c4 Qg3 48. Qf3
Qxf3 49. gxf3 Nxd4 50. Kg2 Bxa5 51. Kh3 Nxf3 52. Kg2 Nd4 53. c5 Bb4 54. c6 Nxc6
55. Kh3 Be1 56. Na3 a5 57. Nb5 a4 58. e6 Kg6 {White resigns} 0-1

[Event "Team 45 45 League T34"]
[Site "Internet Chess Club"]
[Date "2007.08.11"]
[Round "4"]
[White "ETwoEFour"]
[Black "cascarillo"]
[Result "1-0"]
[WhiteElo "2046"]
[BlackElo "2045"]
[Opening "Sicilian"]
[ECO "B50"]
[Time "12:16:15"]
[TimeControl "2700+45"]

1. e4 c5 2. Nf3 d6 3. Bd3 Nc6 4. c3 Nf6 5. Bc2 Bg4 6. d3 e6 7. Nbd2 Be7 8. O-O
O-O 9. Re1 Qc7 10. h3 Bh5 11. Nf1 Ne5 12. g4 Nfxg4 13. hxg4 Bxg4 14. N1h2 Nxf3+
15. Nxf3 f5 16. e5 dxe5 17. Qe2 Bd6 18. Qe3 f4 19. Qe4 Bf5 20. Qe2 Qf7 21. Nh4
Qf6 22. Qh5 g6 23. Qh6 Bg4 24. Ng2 Bh5 25. Bb3 Qf5 26. Bxf4 exf4 27. Rxe6 Kh8
28. Rxd6 Rae8 29. Re1 Rxe1+ 30. Nxe1 Re8 31. Ng2 b5 32. Rd5 Qg4 33. Re5 Qd7 34.
Qxf4 c4 35. Qf6+ Kg8 36. dxc4 Rxe5 37. cxb5+ Rd5 38. Ne3 h6 39. Nxd5 Qg4+ 40.
Kh2 Kh7 41. Qf7+ Kh8 42. Qf8+ {Black resigns} 1-0

[Event "Team 45 45 League T34"]
[Site "Internet Chess Club"]
[Date "2007.08.13"]
[Round "4"]
[White "Ghashgork"]
[Black "makito"]
[Result "1-0"]
[WhiteElo "1679"]
[BlackElo "1733"]
[Opening "KGD: classical variation"]
[ECO "C30"]
[Time "14:00:53"]
[TimeControl "2700+45"]

1. e4 e5 2. f4 Bc5 3. Nf3 d6 4. Nc3 Nc6 5. Bc4 Nf6 6. d3 O-O 7. Na4 Bb6 8. Nxb6
axb6 9. fxe5 dxe5 10. Bg5 Qd6 11. a3 Na5 12. Ba2 c5 13. O-O h6 14. Bxf6 Qxf6 15.
b4 Nc6 16. b5 Ne7 17. a4 Qd6 18. Kh1 Be6 19. Bxe6 Qxe6 20. c4 Rfd8 21. Ne1 Ng6
22. g3 Nf8 23. Ng2 Qd6 24. Qf3 Rd7 25. Rfd1 Qc7 26. Ne3 Ne6 27. Nd5 Qd8 28. Ra2
Rd6 29. Rf1 Qd7 30. Qg4 Rd8 31. Nf6+ Kf8 32. Nxd7+ R8xd7 33. Raf2 Nd8 34. Rd1
Rxd3 35. Rxd3 Rxd3 36. Rf1 Rd4 37. Rd1 Ne6 38. Rxd4 cxd4 39. Qf5 Nc5 40. Qxe5 d3
41. Qd5 f6 42. Kg1 Ke7 43. Kf1 Ke8 44. Ke1 Ke7 45. Kd2 Ke8 46. Qg8+ {Black
resigns} 1-0

[Event "Team 45 45 League T34"]
[Site "Internet Chess Club"]
[Date "2007.08.11"]
[Round "4"]
[White "Mississippian"]
[Black "ChessAddict14"]
[Result "0-1"]
[WhiteElo "1402"]
[BlackElo "1724"]
[Opening "Réti opening"]
[ECO "A05"]
[Time "10:59:21"]
[TimeControl "2700+45"]

1. Nf3 Nf6 2. g3 c5 3. Bg2 g6 4. O-O Bg7 5. d3 d6 6. e4 O-O 7. Nbd2 Nc6 8. Re1
Qc7 9. Nf1 Rb8 10. Be3 e5 11. h3 Be6 12. Qd2 Rfd8 13. Bh6 Bh8 14. c3 d5 15. Qg5
dxe4 16. dxe4 Bc4 17. Ne3 Nxe4 18. Qh4 Bd3 19. Ng5 Nxg5 20. Bxg5 Re8 21. Nd5 Qd6
22. Rad1 c4 23. b3 b5 24. Be4 Qc5 25. Nf6+ Bxf6 26. Bxf6 Bxe4 27. b4 Qf8 28.
Qxe4 Rbc8 29. Qd5 a6 30. Qd7 Re6 31. Bg5 Qe8 32. Qb7 f6 33. Bh6 Ne7 34. g4 Qc6
35. Rd7 Qxb7 36. Rxb7 Kf7 37. Rd1 g5 38. Rdd7 Re8 39. h4 Kg6 40. Bf8 Kf7 41. Bh6
Kg6 42. Bf8 Rxf8 43. Rxe7 Rxe7 44. Rxe7 Rd8 45. h5+ Kh6 46. Re6 Rd3 47. Rxf6+
Kg7 48. Rxa6 Rxc3 49. h6+ Kf8 50. Ra7 Kg8 51. Rg7+ Kf8 52. Rxg5 Rc1+ 53. Kg2 Re1
54. Rf5+ Ke7 55. g5 c3 56. Rf6 c2 57. g6 c1=Q 58. Rf7+ Ke6 59. gxh7 Qg5+ 60. Kh2
Qxh6+ 61. Kg2 Kxf7 {White resigns} 0-1

[Event "Team 45 45 League T34"]
[Site "Internet Chess Club"]
[Date "2007.08.14"]
[Round "4"]
[White "Boromir"]
[Black "fledermaus"]
[Result "1/2-1/2"]
[WhiteElo "1939"]
[BlackElo "2086"]
[Opening "Sicilian defense"]
[ECO "B30"]
[Time "15:15:54"]
[TimeControl "2700+45"]

1. e4 c5 2. Nf3 Nc6 3. c3 e5 4. Bc4 Be7 5. O-O Nf6 6. Re1 O-O 7. d4 d6 8. dxc5
dxc5 9. Qxd8 Bxd8 10. Bg5 Be6 11. Bxe6 {Game drawn by mutual agreement} 1/2-1/2